 Dungeon Crawl Stone Soup version 0.28.0-53-g5a82cb258f (webtiles) character file.

Game seed: 8382697706307430316

839 pkoi the Insei (level 7, -11/57 HPs)
             Began as a Demigod Gladiator on May 27, 2022.
             Mangled by an ogre
             ... wielding a +0 giant club
              (13 damage)
             ... on level 5 of the Dungeon.
             The game lasted 00:07:13 (7295 turns).

pkoi the Insei (Demigod Gladiator)                  Turns: 7295, Time: 00:07:14

Health: -11/57     AC: 13    Str: 15    XL:     7   Next: 39%
Magic:  9/9        EV:  5    Int: 18    God:
Gold:   182        SH:  0    Dex: 15    Spells: 6/6 levels left

rFire   . . .      SeeInvis .     - Unarmed
rCold   . . .      Faith    .   (no shield)
rNeg    . . .      Spirit   .   l - +0 plate armour
rPois   .          Reflect  .   b - +1 helmet
rElec   .          Harm     .   (no cloak)
rCorr   .          Rampage  .   (no gloves)
Will    .....                   (no boots)
Stlth   ..........              (no amulet)
HPRegen 0.19/turn               (no ring)
MPRegen 0.11/turn               (no ring)

@: no status effects
A: high MP 1, forlorn, divine attributes
a: no special abilities


You were on level 5 of the Dungeon.
You visited 1 branch of the dungeon, and saw 5 of its levels.

You collected 182 gold pieces.

Inventory:

Hand Weapons
 h - a +0 dagger
 j - a +0 dagger
 k - a +0 mace
Missiles
 c - 2 throwing nets
 g - 9 poisoned darts (quivered)
Armour
 a - a +2 robe of resistance
 b - a +1 helmet (worn)
 d - a +3 scale mail
 f - a +0 leather armour of fire resistance
 l - a +0 plate armour (worn)
Jewellery
 e - an amulet of magic regeneration
Scrolls
 o - a scroll of silence {unknown}
Potions
 i - a potion of curing
 m - a potion of heal wounds {unknown}
 n - a potion of mutation {unknown}


   Skills:
 - Level 3.0 Fighting
 - Level 1.7 Throwing
 + Level 2.3 Armour
 + Level 2.9 Dodging
 + Level 7.5 Unarmed Combat


You had 6 spell levels left.
You didn't know any spells.
Your spell library was empty.

Dungeon Overview and Level Annotations

Branches:
Dungeon (5/15)             Temple (0/1) D:4


Innate Abilities, Weirdness & Mutations

You have an increased reservoir of magic. (+10% MP)
You shall have no god before yourself.
Your divine heritage dramatically boosts your attributes as you level up.


Message History

You are no longer corroded.
You start resting.
HP restored.
Unknown command.
Unknown command.
You open the door.
There is an open door here.
o - a scroll labelled JUCHIRALAMO You open the door.
There is an open door here.
You open the door.
There is an open door here.
You now have 182 gold pieces (gained 5).
There is an open door here.
An ogre comes into view. It is wielding a +0 giant club.
The ogre shouts!
An ogre is nearby!
You hit the ogre but do no damage. The ogre hits you with a +0 giant club!
You hit the ogre.
The ogre is lightly wounded.
You punch the ogre!
The ogre is moderately wounded.
The ogre hits you with a +0 giant club!!
* * * LOW HITPOINT WARNING * * *
You punch the ogre!
The ogre is severely wounded.
You hit the ogre.
The ogre is severely wounded.
The ogre hits you with a +0 giant club!
* * * LOW HITPOINT WARNING * * *
You punch the ogre!
The ogre is almost dead.
The ogre hits you with a +0 giant club!
* * * LOW HITPOINT WARNING * * *
You barely miss the ogre.
The ogre is almost dead.
You closely miss the ogre.
The ogre is almost dead.
The ogre hits you with a +0 giant club!
You die...

##.######...##..... .....
#................. .#.#.
#####............. .....#
#.............
.#.#..##########............
...............#.....#######
...............#.....##...##
...............'............
..........O@...#.....##.....
...............#.....##.....
...............#......#.....
.....#####.....#......#.....
..... ############.'.....
.... ###...## ### #####'##
#......# #[.....#


You could see an ogre.

Vanquished Creatures
  Duvessa (D:3)
  2 ogres (D:4)
  A necrophage (D:4)
  Dowan (D:3)
  A bullfrog skeleton (D:5)
  A gnoll shaman (D:4)
  3 iguanas
  An iron imp (D:4)
  A jelly (D:5)
  Natasha (thrice) (D:3)
  Terence (D:2)
  3 gnolls
  A howler monkey skeleton (D:3)
  2 adders
  A white imp (D:5)
  An adder skeleton (D:4)
  A dart slug (D:1)
  9 orcs
  4 endoplasms
  3 giant cockroaches (D:1)
  4 goblins
  6 hobgoblins
  12 jackals
  5 kobolds
  5 quokkas
  7 ball pythons
  2 bats (D:1)
  3 frilled lizards
  A quokka skeleton (D:4)
  2 rats (D:1)
88 creatures vanquished.

Notes
Turn   | Place    | Note
-------+----------+-------------------------------------------
     0 | D:1      | pkoi the Demigod Gladiator began the quest for the Orb.
     0 | D:1      | Reached XP level 1. HP: 17/17 MP: 3/3
    46 | D:1      | Reached skill level 3 in Unarmed Combat
   287 | D:1      | Reached XP level 2. HP: 21/24 MP: 4/4
  1098 | D:1      | Reached XP level 3. HP: 29/29 MP: 5/5
  1373 | D:2      | Reached skill level 4 in Unarmed Combat
  2084 | D:2      | Noticed Terence
  2205 | D:2      | Killed Terence
  3220 | D:3      | Reached XP level 4. HP: 35/36 MP: 6/6
  3274 | D:3      | Noticed Natasha
  3281 | D:3      | Killed Natasha
  3484 | D:3      | Noticed Natasha
  3490 | D:3      | Killed Natasha
  3491 | D:3      | Reached skill level 5 in Unarmed Combat
  3694 | D:3      | Noticed Natasha
  3699 | D:3      | Killed Natasha
  3700 | D:3      | Reached XP level 5. HP: 41/41 MP: 7/7
  4333 | D:4      | Found a staircase to the Ecumenical Temple.
  4333 | D:4      | Noticed a necrophage
  4365 | D:3      | Reached skill level 6 in Unarmed Combat
  4491 | D:4      | Noticed Duvessa
  4491 | D:4      | Noticed Dowan
  4514 | D:3      | Killed Duvessa
  4515 | D:3      | Reached XP level 6. HP: 12/50 MP: 8/8
  4523 | D:3      | HP: 2/50 [Dowan/+0 dagger (4)]
  4939 | D:3      | Killed Dowan
  5867 | D:4      | Reached skill level 1 in Armour
  5867 | D:4      | Reached skill level 7 in Unarmed Combat
  5935 | D:4      | Reached XP level 7. HP: 9/57 MP: 9/9
  6394 | D:5      | Entered Level 5 of the Dungeon
  7293 | D:5      | HP: 2/57 [ogre/+0 giant club (7)]
  7295 | D:5      | Mangled by an ogre

Illustrated notes

Levels and vault maps discovered:
D:1:      minmay_arrival_wavy_path, layout_loops_ring
D:2:      layout_basic, uniq_terence
D:3:      layout_basic, uniq_natasha
D:4:      layout_loops_cross, slow_altar_1, grunt_gozag_statues,
          minmay_temple_entry_purple_smoke, uniq_duvessa
D:5:      layout_gridville, kennysheep_vampire_church, serial_glass,
          glass_columns_c, glass_columns_b, glass_columns_a, glass_columns_a

Skill      XL: |  1  2  3  4  5  6  7 |
---------------+----------------------+-----
Unarmed Combat | 3 4 5 6 7 |  7.5
Fighting       | 2 3 |  3.0
Armour         | 1 2 |  2.3
Throwing       | |  1.7
Dodging        | |  2.9

Action                   |  1- 3 |  4- 6 |  7- 9 || total
-------------------------+-------+-------+-------++-------
Melee: Unarmed           |   211 |   165 |    57 ||   433
       Punch             |     2 |     4 |     2 ||     8
Throw: Throwing net      |     1 |     2 |       ||     3
       Dart              |       |     6 |       ||     6
  Use: Scroll            |     3 |     4 |       ||     7
       Potion            |     1 |     3 |       ||     4
 Stab: Sleeping          |     1 |       |       ||     1
       Held in net/web   |     2 |     2 |       ||     4
Armor: Leather armour    |    58 |       |       ||    58
       Scale mail        |     3 |    62 |       ||    65
       Plate armour      |       |     5 |    25 ||    30
Dodge: Dodged            |   101 |    49 |     8 ||   158
